 Dungeon Crawl Stone Soup version 0.29-a0-824-gd827844252 (console) character file.

Game seed: 15402734698915064038

142 CannotBeFrozen the Slasher (level 4, 0/36 HPs)
             Began as a Demigod Warper on July 9, 2022.
             Slain by a jelly (2 damage)
             ... in a sewer.
             The game lasted 00:13:10 (3095 turns).

CannotBeFrozen the Slasher (Demigod Warper)         Turns: 3095, Time: 00:13:12

Health: 0/36       AC:  0    Str: 12    XL:     4   Next: 75%
Magic:  9/9        EV: 12    Int: 15    God:
Gold:   85         SH:  0    Dex: 17    Spells: 4/6 levels left

rFire   . . .      SeeInvis .   a - +0 falchion
rCold   . . .      Faith    .   (no shield)
rNeg    . . .      Spirit   .   b - +0 leather armour
rPois   .          Reflect  .   (no helmet)
rElec   .          Harm     .   (no cloak)
rCorr   .          Rampage  .   (no gloves)
Will    .....                   (no boots)
Stlth   +.........              (no amulet)
HPRegen 0.12/turn               (no ring)
MPRegen 0.11/turn               (no ring)

@: corroded
A: high MP 1, forlorn, divine attributes
a: no special abilities


You were in a sewer.
You visited 1 branch of the dungeon, and saw 3 of its levels.
You also visited: Sewer.

You collected 113 gold pieces.
You spent 28 gold pieces at shops.

Inventory:

Hand Weapons
 a - a +0 falchion (weapon)
Missiles
 d - 7 boomerangs of dispersal {=f=F}
 f - 6 poisoned darts
 g - 7 stones (quivered)
Armour
 b - a +0 leather armour (worn)
Potions
 h - a potion of mutation {unknown}
 i - 2 potions of attraction
 k - a potion of invisibility {unknown}
 l - a potion of heal wounds {unknown}


   Skills:
 - Level 1.7 Fighting
 + Level 4.8 Long Blades
 - Level 0.8 Throwing
 - Level 0.8 Armour
 - Level 1.7 Dodging
 - Level 1.7 Spellcasting
 - Level 2.6 Translocations


You had 4 spell levels left.
You knew the following spells:

 Your Spells              Type           Power      Damage    Failure   Level
z - Blink                 Tloc           18%        N/A       14%         2

Your spell library contained the following spells:

 Spells                   Type           Power      Damage    Failure   Level
 Necrotise                Necr           4%         1d4       28%         1
 Gell's Gravitas          Tloc           9%         N/A       28%         3
 Lesser Beckoning         Tloc           9%         N/A       28%         3
 Teleport Other           Tloc           9%         N/A       28%         3
 Inner Flame              Hex/Fire       1%         N/A       65%         3
 Vampiric Draining        Necr           1%         2d6       65%         3
 Cause Fear               Hex            0%         N/A       96%         4
 Manifold Assault         Tloc           9%         N/A       95%         5
 Agony                    Necr           1%         N/A       100%        5
 Discord                  Hex            0%         N/A       100%        8


Dungeon Overview and Level Annotations

Branches:
Dungeon (3/15)              Sewer (1/1)

Shops:
D:3 (


Innate Abilities, Weirdness & Mutations

You have an increased reservoir of magic. (+10% MP)
You shall have no god before yourself.
Your divine heritage dramatically boosts your attributes as you level up.


Message History

You barely miss the worm.
The worm is severely wounded.
The worm barely misses you.
You hit the worm.
You kill the worm!
You enter the shallow water.
Moving in this stuff is going to be slow.
A jelly comes into view.
Found a scroll of poison.
The jelly quivers.
You see here a worm corpse.
A jelly is nearby!
You enter the shallow water.
Moving in this stuff is going to be slow.
Throw: 8 stones
Press: ? - help, Q - select action, (/) - cycle Shift-Dir - straight line, f - jelly
Aim: a jelly (89% to hit)
You throw a stone.
The stone hits the jelly but does no damage.
You hit the jelly.
Your hands burn!
The jelly is moderately wounded.
The jelly completely misses you. The jelly hits you. The acid corrodes you!
You are splashed with acid!
* * * LOW HITPOINT WARNING * * *
HP: 12/36 (-12) ====-------- !!!
You hit the jelly but do no damage.
Your hands burn!
* * * LOW HITPOINT WARNING * * *
The jelly is moderately wounded.
The jelly barely misses you.
HP: 10/36 (-2) ===--------- You hit the jelly.
Your hands burn!
* * * LOW HITPOINT WARNING * * *
The jelly is moderately wounded.
The jelly completely misses you.
HP: 6/36 (-4) ==---------- !
You hit the jelly.
Your hands burn!
* * * LOW HITPOINT WARNING * * *
The jelly is severely wounded.
The jelly hits you.
You die...

#### ############# ##≈≈##
####≈≈..≈≈≈.≈≈.####
##.≈.≈#..##≈....≈≈..≈.....≈.##
#≈.†J....#.≈≈†≈#########≈≈†..#
#..##≈≈.##≈≈≈### ###÷..#
#.≈J##?##≈≈.## ##÷.#
##..@###≈.≈≈# #..#
##....≈...## #..# ##≈..≈.≈##
###########≈≈# #....≈≈≈##
#..........≈≈# #≈≈≈..≈..≈#
#†††........≈# #≈...≈.≈#.≈.#
#≈.########### ...##≈.≈##.≈≈#
#..# ###### ≈≈##..≈..##.≈≈≈
#≈.# #≈≈≈≈≈ .≈ #..#.. .≈..
#..#########≈.∩.≈ #.≈ ..###
#..≈≈≈.≈≈.......≈
#.≈..≈....≈....≈≈


You could see a jelly.

Vanquished Creatures
  A gnoll (D:2)
  5 adders
  2 river rats (Sewer)
  2 worms
  5 ball pythons
  7 endoplasms
  10 giant cockroaches
  5 goblins
  3 hobgoblins
  3 jackals (D:1)
  4 kobolds
  3 quokkas
  A bat (D:2)
  6 frilled lizards
  7 rats
64 creatures vanquished.

Notes
Turn   | Place    | Note
-------+----------+-------------------------------------------
     0 | D:1      | CannotBeFrozen the Demigod Warper began the quest for the
                  | Orb.
     0 | D:1      | Reached XP level 1. HP: 17/17 MP: 5/5
    87 | D:1      | Reached skill level 2 in Long Blades
   391 | D:1      | Reached XP level 2. HP: 23/24 MP: 7/7
   716 | D:2      | Learned a level 2 spell: Blink
   994 | D:2      | Reached skill level 3 in Long Blades
  1449 | D:2      | Reached XP level 3. HP: 16/29 MP: 8/8
  2226 | D:3      | Found Muesatt's Weapon Boutique.
  2243 | D:3      | Bought 5 poisoned darts for 28 gold pieces
  2320 | D:3      | Reached skill level 4 in Long Blades
  2387 | D:3      | Reached XP level 4. HP: 34/36 MP: 9/9
  2394 | D:3      | Found a glowing drain.
  2399 | Sewer    | Entered a sewer
  2701 | Sewer    | HP: 1/36 [river rat (9)]
  3095 | Sewer    | Slain by a jelly

Illustrated notes

Levels and vault maps discovered:
D:1:      onia_arrival_mini_maze, layout_basic
D:2:      layout_basic, basic_ecumenical_altar, minmay_puff
D:3:      layout_loops_cross, mainiacjoe_overflow_surrounded_room,
          gup_sewer_entry_bowl, serial_shops, nicolae_shop_bloodbath_and_beyond
Sewer:    sewer_hellmonk_slimy_pipes

Skill      XL: |  1  2  3 |
---------------+----------+-----
Long Blades    | 2 3 4 |  4.8
Fighting       | |  1.7
Throwing       | |  0.8
Armour         | |  0.8
Dodging        | |  1.7
Spellcasting   | |  1.7
Translocations | |  2.6

Action                   |  1- 3 |  4- 6 || total
-------------------------+-------+-------++-------
Melee: Falchion          |   135 |    78 ||   213
       Punch             |     1 |       ||     1
Throw: Stone             |    23 |     6 ||    29
       Dart              |     9 |       ||     9
  Use: Scroll            |     7 |     2 ||     9
       Potion            |       |     3 ||     3
Armor: Leather armour    |    32 |    15 ||    47
Dodge: Dodged            |    76 |    72 ||   148

Table legend: (Time is in decaauts)
 A = Elapsed time spent in this place.
 B = Non-inter-level travel time spent in this place.
 C = Inter-level travel time spent in this place.
 D = Time resting spent in this place.
 E = Time spent auto-exploring this place.
 F = Levels seen in this place.
 G = Mean time per level.
                   A        B        C        D        E       F      G
               +--------+--------+--------+--------+--------+-----+--------+
         Total |   3138 |   3050 |     88 |   1085 |   1126 |   4 |  784.5 |
       Dungeon |   2423 |   2335 |     88 |    620 |   1126 |   3 |  807.7 |
         Sewer |    714 |    714 |      0 |    465 |      0 |   1 |  714.0 |
               +--------+--------+--------+--------+--------+-----+--------+

Top non-repeatable levels by time:
     D:2: 1530 daAuts
   Sewer: 714 daAuts
     D:1: 709 daAuts
     D:3: 183 daAuts
